 Dungeon Crawl Stone Soup version 0.32-a0-900-g30fb1b0edc (webtiles) character file.

Game seed: 14004437061870242941

1079 GiantSquids the Cleaver (level 8, -2/63 HPs)
             Began as a Mountain Dwarf Fighter on Apr 5, 2024.
             Was a Follower of Okawaru.
             Killed by divine providence
             ... invoked by an orc priest
              (16 damage)
             ... on level 5 of the Dungeon.
             The game lasted 00:11:31 (5301 turns).

GiantSquids the Cleaver (Mountain Dwarf Fighter)    Turns: 5301, Time: 00:11:31

Health: -2/63      AC: 12    Str: 21    XL:     8   Next: 8%
Magic:  8/8        EV:  9    Int:  9    God:    Okawaru [*.....]
Gold:   227        SH:  4    Dex:  9    Spells: 7/7 levels left

rFire   . . .        a - +0 war axe
rCold   . . .        c - +0 buckler
rNeg    . . .        u - +0 plate armour
rPois   .            w - +0 helmet
rElec   .            (no cloak)
rCorr   .            (no gloves)
SInv    .            (no boots)
Will    .....        (no amulet) Stlth
                     f - +5 ring of evasion
HPRegen 0.30/turn    (no ring)
MPRegen 0.11/turn

%: no passive effects
@: no status effects
A: runic magic, artefact enchanting
a: Renounce Religion, Heroism


You were on level 5 of the Dungeon.
You worshipped Okawaru.
Okawaru was aware of your devotion.
You visited 2 branches of the dungeon, and saw 7 of its levels.
You also visited: Sewer.

You collected 227 gold pieces.

Inventory:

Hand Weapons
 a - a +0 war axe (weapon)
Missiles
 o - 2 throwing nets (quivered)
Armour
 c - a +0 buckler (worn)
 u - a +0 plate armour (worn)
 w - a +0 helmet (worn)
Jewellery
 f - a +5 ring of evasion (left hand)
Wands
 v - a wand of charming (11)
Scrolls
 e - 5 scrolls of teleportation {unknown}
 g - 2 scrolls of enchant weapon {unknown}
 h - 5 scrolls of identify {unknown}
 i - 2 scrolls of blinking {unknown}
 k - a scroll of torment {unknown}
 l - a scroll of amnesia {unknown}
 m - a scroll of immolation {unknown}
 n - 2 scrolls of poison {unknown}
 r - 2 scrolls of fog {unknown}
 s - a scroll of noise {unknown}
 y - a scroll of vulnerability {unknown}
 A - a scroll of enchant armour {unknown}
 E - a scroll of fear {unknown}
Potions
 b - a potion of degeneration {unknown}
 d - 2 potions of might
 j - a potion of ambrosia {unknown}
 p - 3 potions of attraction {unknown}
 q - 2 potions of lignification {unknown}
 t - 2 potions of curing {unknown}
 x - a potion of heal wounds {unknown}
 z - 2 potions of brilliance {unknown}
 B - a potion of haste {unknown}
 C - a potion of resistance {unknown}
 D - a potion of mutation {unknown}


   Skills:
 - Level 3.2 Fighting
 + Level 11.5 Axes
 - Level 3.2 Armour
 - Level 3.2 Shields


You had 7 spell levels left.
You didn't know any spells.
Your spell library was empty.

Dungeon Overview and Level Annotations

Branches:
Dungeon (6/15)             Temple (1/1) D:4           Sewer (visited)

Altars:
Ashenzari
Cheibriados
Dithmenos
Elyvilon
Fedhas
Gozag
Hepliaklqana
Kikubaaqudgha
Makhleb
Nemelex Xobeh
Okawaru
Qazlal
Ru
Sif Muna
Trog
Uskayaw
Vehumet
Xom
Yredelemnul
Zin
The Shining One

Shops:
D:3 *

Annotations:
D:3 1 runed translucent door, Fodor's ghost, amateur MiFi
D:5 1 runed translucent door, Crazy Yiuf


Innate Abilities, Weirdness & Mutations

Your spellcasting is much less encumbered by armour.
You can use scrolls of enchantment on lesser artefacts.


Message History

The orc wizard hits you with a +0 dagger.
You block the orc priest's attack. The orc closely misses you.
The orc wizard gestures at you while chanting.
The magic dart hits you but does no damage.
The orc priest hits you but does no damage.
You barely miss the orc priest. You barely miss the orc wizard.
You hit the orc but do no damage. You hit the orc wizard.
You hit the orc priest.
You kill the orc priest!
Okawaru accepts your kill.
The orc wizard hits you but does no damage.
You block the orc priest's attack. The orc hits you but does no damage.
The orc wizard hits you but does no damage.
You hit the orc priest.
The orc priest is moderately wounded.
You hit the orc wizard. You hit the orc but do no damage.
You closely miss the orc wizard.
The orc wizard hits you but does no damage.
The orc priest mumbles some strange prayers to Beogh against you.
Beogh smites you!
* * * LOW HITPOINT WARNING * * *
The orc hits you but does no damage.
The orc wizard hits you but does no damage.
You completely miss the orc priest.
The orc priest is moderately wounded.
You closely miss the orc wizard. You barely miss the orc.
You hit the orc wizard.
The orc wizard hits you but does no damage.
The orc priest calls upon Beogh to heal the orc.
The orc's wounds heal themselves!
The orc barely misses you.
The orc wizard hits you but does no damage.
You hit the orc priest.
The orc priest is severely wounded.
You hit the orc but do no damage. You completely miss the orc wizard.
You hit the orc wizard but do no damage.
The orc wizard hits you with a +0 dagger.
* * * LOW HITPOINT WARNING * * *
The orc priest mumbles some strange prayers to Beogh against you.
Beogh smites you!
You die...

#.# ♣♣...♣ #....# #.# ♣.♣..♣
#....# #.# ##..## #....# #.#
####....###....######## #.#
#.#....#.......'.....(# #.#
#.#....#.......###.##.# ######.#
#.#....#.......# ####.##
...)...###.#...o#)......# # #...
...)....)....[.o@###############.
##########.##..oo# #2#_.... #...#
#.##....# ######## #...#
#.##....# # #...# #.#####.# ###
#...# #.# #.# #.# #...# #.#
#.##########.### ##...#####.#
#.##...........# ...........#
#.##...........#


You could see an orc priest, 2 orc wizards and an orc.

Vanquished Creatures
  An ogre (D:5)
  A phantom (D:6)
  Blork the orc (D:4)
  2 brain worms (Sewer)
  A scorpion (D:4)
  A howler monkey (D:5)
  3 bombardier beetles
  A hound (D:5)
  An orc priest (D:5)
  A gnoll bouda (D:5)
  An iguana (D:4)
  Ijyb (D:4)
  A sleepcap (D:3)
  2 orc wizards (D:5)
  6 gnolls (D:5)
  A river rat (Sewer)
  11 adders
  A white imp (D:5)
  2 ufetubi (D:5)
  3 dart slugs
  5 ribbon worms
  11 orcs
  9 ball pythons
  5 bats
  6 endoplasms
  6 giant cockroaches
  4 goblins
  8 hobgoblins
  2 jackals (D:3)
  4 quokkas
  9 frilled lizards
  8 kobolds
  9 rats
128 creatures vanquished.

Notes
Turn   | Place    | Note
-------+----------+-------------------------------------------
     0 | D:1      | GiantSquids the Mountain Dwarf Fighter began the quest for
                  | the Orb.
     0 | D:1      | Reached XP level 1. HP: 19/19 MP: 1/1
    74 | D:1      | Reached skill level 3 in Axes
   179 | D:1      | Reached XP level 2. HP: 26/26 MP: 2/2
   242 | D:1      | Found a faded altar of an unknown god.
   441 | D:1      | Reached skill level 4 in Axes
   806 | D:1      | Reached XP level 3. HP: 31/31 MP: 3/3
  1386 | D:2      | Reached skill level 5 in Axes
  1635 | D:2      | Reached XP level 4. HP: 38/38 MP: 4/4
  1890 | D:3      | Reached skill level 6 in Axes
  2103 | D:3      | Found Pabbuset's General Store.
  2128 | D:3      | Reached XP level 5. HP: 45/45 MP: 5/5
  2275 | D:3      | Found a runed translucent door.
  2275 | D:3      | Noticed Fodor's ghost (amateur MiFi)
  2473 | D:4      | Noticed Blork the orc
  2493 | D:4      | Reached skill level 7 in Axes
  2493 | D:4      | Killed Blork the orc
  2494 | D:4      | Reached XP level 6. HP: 26/51 MP: 6/6
  2679 | D:4      | Noticed Ijyb
  2697 | D:4      | Killed Ijyb
  2698 | D:4      | Reached skill level 8 in Axes
  3213 | D:4      | Found a staircase to the Ecumenical Temple.
  3222 | Temple   | Entered the Ecumenical Temple
  3237 | Temple   | Became a worshipper of Warmaster Okawaru
  3480 | D:5      | Entered Level 5 of the Dungeon
  3559 | D:5      | Reached skill level 9 in Axes
  3562 | D:5      | Reached XP level 7. HP: 47/57 MP: 7/7
  3588 | D:5      | Found a shimmering altar of Xom.
  3591 | D:5      | Found a broken altar of Ashenzari.
  3615 | D:5      | HP: 1/57 [ogre/+0 giant club (10)]
  3844 | D:5      | Found a glowing drain.
  3848 | Sewer    | Entered a sewer
  4002 | Sewer    | Reached skill level 10 in Axes
  4172 | Sewer    | Reached * piety under Okawaru
  4296 | D:5      | Found a burning altar of Makhleb.
  4296 | D:5      | Noticed a cacodemon
  4332 | D:5      | Found a runed translucent door.
  4333 | D:5      | Noticed Crazy Yiuf
  4506 | D:5      | Reached skill level 11 in Axes
  5143 | D:6      | Reached XP level 8. HP: 34/63 MP: 8/8
  5301 | D:5      | Killed from afar by an orc priest

Illustrated notes

Levels and vault maps discovered:
D:1:      amcnicky_arrival_gap_in_the_tavern_cellar, layout_basic,
          hellmonk_ecumenical_altar_leap_of_faith
D:2:      layout_basic
D:3:      layout_rooms, serial_shops, shop, hellmonk_ghost_happy_afterlife
D:4:      layout_loops_ring, lemuel_temple_firewalk_a, hex_medium, uniq_ijyb,
          uniq_blork_the_orc
D:5:      layout_basic, makhleb_altar_promises_db,
          chequers_temple_overflow_statue_of_worship, gup_sewer_entry_bowl,
          uniq_crazy_yiuf_cottage
D:6:      layout_cave_pools, gammafunk_ghost_nasty_kobolds, serial_shops,
          kennysheep_mini_moat, nicolae_underground_beach
Temple:   eino_narrow_crystal_temple

Skill      XL: |  1  2  3  4  5  6  7 |
---------------+----------------------+-----
Axes           | 3 4 5 6 7 9 11 | 11.5
Fighting       | |  3.2
Armour         | |  3.2
Shields        | |  3.2

Action                     |  1- 3 |  4- 6 |  7- 9 || total
---------------------------+-------+-------+-------++-------
  Melee: War axe           |   114 |   153 |   177 ||   444
    Use: Potion            |       |     1 |       ||     1
 Armour: Scale mail        |    65 |    33 |       ||    98
         Plate armour      |       |    80 |   128 ||   208
  Dodge: Dodged            |    73 |    87 |    80 ||   240
  Block: Buckler           |    34 |    30 |    35 ||    99

Table legend: (Time is in decaauts)
 A = Elapsed time spent in this place.
 B = Non-inter-level travel time spent in this place.
 C = Inter-level travel time spent in this place.
 D = Time resting spent in this place.
 E = Time spent auto-exploring this place.
 F = Levels seen in this place.
 G = Mean time per level.
                   A        B        C        D        E       F      G
               +--------+--------+--------+--------+--------+-----+--------+
         Total |   5424 |   5166 |    258 |    206 |   3617 |   8 |  678.0 |
       Dungeon |   4972 |   4729 |    243 |    161 |   3582 |   6 |  828.7 |
        Temple |     30 |     15 |     15 |      0 |      0 |   1 |   30.0 |
         Sewer |    421 |    421 |      0 |     45 |     35 |   1 |  421.0 |
               +--------+--------+--------+--------+--------+-----+--------+

Top non-repeatable levels by time:
     D:5: 1396 daAuts
     D:4: 1040 daAuts
     D:1: 1024 daAuts
     D:2: 888 daAuts
     D:3: 559 daAuts
   Sewer: 421 daAuts
     D:6: 62 daAuts
  Temple: 30 daAuts
